Map: Ulrena

Players

Rong

  • Race: Protoss Protoss
  • League: Diamond

LilDicky - Winner!

  • Race: Terran Terran
  • League: Diamond

VOD

http://www.twitch.tv/tumescentpie

Description

Time

  • Played on: Dec. 11, 2015, 1:51 a.m.
  • Length: 6:05
Show
View Real Time Build Order
Export as new Build Order

Rong Protoss 

Build Orders: 1 Gate Expand 

Get SALT Encoding   

  12  0:01  Probe (Chrono Boost)  
  13  0:11  Probe (Chrono Boost)  
  14  0:18  Pylon  
  14  0:22  Probe (Chrono Boost)  
  15  0:37  Probe (Chrono Boost), Gateway  
  16  0:47  Probe (Chrono Boost)  
  17  0:58  Probe (Chrono Boost)  
  18  1:16  Nexus  
  17  1:19  Probe (Chrono Boost)  
  18  1:27  Assimilator  
  18  1:30  Probe (Chrono Boost)  
  19  1:38  Cybernetics Core  
  19  1:42  Probe (Chrono Boost)  
  19  1:46  Assimilator  
  20  1:52  Probe (Chrono Boost)  
  21  1:57  Pylon  
  21  2:03  Probe (Chrono Boost)  
  22  2:13  Probe (Chrono Boost)  
  23  2:18  Warp Gate  
  23  2:24  Probe (Chrono Boost)  
  24  2:33  Gateway  
  24  2:34  Probe (Chrono Boost)  
  25  2:39  Gateway  
  25  2:45  Mothership Core (Chrono Boost), Probe (Chrono Boost)  
  28  2:55  Probe (Chrono Boost)  
  29  3:02  Robotics Facility  
  29  3:06  Probe (Chrono Boost)  
  30  3:13  Pylon  
  30  3:17  Probe (Chrono Boost)  
  31  3:27  Probe (Chrono Boost)  
  31  3:29  Stargate  
  32  3:38  Probe (Chrono Boost)  
  32  3:40  Probe (Chrono Boost)  
  31  3:47  Probe (Chrono Boost)  
  32  3:49  Observer (Chrono Boost)  
  32  3:50  Probe  
  34  3:57  Probe  
  34  3:58  Assimilator  
  34  4:01  Assimilator  
  35  4:08  Probe  
  28  4:29  Stalker x2  
  30  4:48  Stalker  
  31  5:02  Probe (Chrono Boost)  
  30  5:09  Probe (Chrono Boost)  
  31  5:14  Probe (Chrono Boost)  
  32  5:25  Probe (Chrono Boost)  
  33  5:33  Probe (Chrono Boost)  
  35  5:35  Probe (Chrono Boost)  
  34  5:43  Probe (Chrono Boost)  
  34  5:46  Probe (Chrono Boost)  
  34  5:47  Pylon  
  34  5:48  Pylon  
  34  5:49  Zealot x3  
Show
View Real Time Build Order
Export as new Build Order

LilDicky Terran - Winner!

Build Orders: MMM Bio 

Get SALT Encoding   

  12  0:02  SCV  
  13  0:15  SCV  
  13  0:18  Supply Depot  
  14  0:27  SCV  
  14  0:28  Refinery  
  15  0:40  SCV  
  16  0:48  Barracks  
  16  0:52  SCV  
  17  1:04  SCV  
  18  1:16  SCV  
  19  1:28  SCV  
  20  1:42  Orbital Command  
  20  1:43  Supply Depot, Marine  
  21  1:47  Factory  
  21  2:02  Marine  
  22  2:10  Barracks  
  22  2:11  SCV  
  22  2:15  Barracks  
  23  2:25  Barracks Reactor  
  23  2:27  Refinery  
  23  2:35  SCV  
  24  2:43  Supply Depot  
  24  2:47  SCV  
  25  2:59  SCV  
  25  3:01  Widow Mine  
  25  3:05  Barracks Tech Lab x2, Marine x2  
  28  3:12  SCV  
  31  3:24  SCV  
  31  3:28  Marine x3  
  31  3:30  Combat Shields, Widow Mine  
  31  3:31  Stimpack, Marine  
  37  3:44  SCV  
  37  3:46  Marine  
  37  3:47  Supply Depot  
  39  3:54  Starport  
  39  4:08  Marine, Widow Mine  
  39  4:09  SCV, Marauder  
  45  4:32  Marauder  
  45  4:37  Marauder, Marine x2  
  49  4:53  Marauder  
  49  4:54  Marine  
  49  4:55  Marine  
  49  4:59  Marauder  
  53  5:14  Marauder  
  55  5:22  Medivac  
Tags
 
Add a new tag
Caveats
  • Supply blocks, unpowered buildings, or Contaminate may cause inaccurate times.
  • Supply counts are checked every 10 seconds.